AoeStats
← Luchiansky

Arabia

510916974Analyzed
1v1 RM · 11h ago on Oct 3, 2026· 45m 50s· 2 players
Game mode
Random Map
Map size
Tiny (2 player)
Population
200
Speed
Normal
Resources
Standard
Victory
Conquest
Starting age
Dark Age
Ending age
Imperial Age
RankedLock teamsTeams togetherTeam positionsShared explorationLock speedFull tech treeHidden civsTurbo modeCheats
Victory
Defeat
🇦🇷 Magyars · Argentina
1215
+14
🇺🇸 Gurjaras · United States
1173
-14
George
6:36 Loom
9:45 Feudal Age
10:17 Double-Bit Axe
15:10 Horse Collar
18:41 Castle Age
18:06 Scale Barding Armor
18:30 Gold Mining
19:04 Forging
20:32 Gold Shaft Mining
20:24 Town Watch
22:07 Iron Casting
22:31 Stone Mining
24:41 Heavy Plow
25:33 Husbandry
26:42 Chain Barding Armor
27:11 Bloodlines
28:01 Wheelbarrow
30:38 Hand Cart
34:31 Imperial Age
33:02 Kshatriyas
34:40 Bow Saw
33:59 Light Cavalry
36:47 Plate Barding Armor
39:49 Conscription
42:01 Scale Mail Armor
41:29 Elite Shrivamsha Rider
43:16 Chemistry
Luchiansky
6:22 Loom
9:22 Feudal Age
10:09 Double-Bit Axe
10:08 Horse Collar
16:15 Wheelbarrow
20:09 Castle Age
18:29 Gold Mining
19:17 Fletching
19:27 Padded Archer Armor
20:02 Bloodlines
21:52 Bodkin Arrow
22:01 Husbandry
23:52 Bow Saw
23:45 Heavy Plow
26:32 Leather Archer Armor
28:13 Town Watch
29:22 Ballistics
31:28 Thumb Ring
33:33 Gold Shaft Mining
34:42 Hand Cart
39:34 Imperial Age
39:40 Stone Mining
40:03 Masonry
40:04 Scale Barding Armor
39:45 Light Cavalry
41:05 Conscription
40:12 Heavy Cavalry Archer
41:18 Parthian Tactics
41:07 Bracer
43:16 Chemistry
43:27 Ring Archer Armor
43:18 Chain Barding Armor
Connection lost

Rejoining the realm…

Still unreachable

The connection could not be restored.

Session expired

The server has moved on; the page needs a fresh start.